AoeStats
← woif00

Migration

509122386Analyzed
1v1 RM · 8d ago on Sep 25, 2026· 39m 49s· 2 players
Game mode
Random Map
Map size
132×132
Population
200
Speed
Normal
Resources
Standard
Victory
Conquest
Starting age
Dark Age
Ending age
Imperial Age
RankedLock teamsTeams togetherTeam positionsShared explorationLock speedFull tech treeHidden civsTurbo modeCheats
Victory
Defeat
🇧🇷 Celts · Brazil
1120
+16
🇦🇹 Saxons · Austria
1126
-16
Bebê Demônio
9:32 Loom
12:17 Feudal Age
12:55 Double-Bit Axe
16:49 Castle Age
16:04 Wheelbarrow
18:46 Medium Warships
18:35 Gambesons
18:10 Man-at-Arms
18:49 Horse Collar
19:49 Scale Mail Armor
19:59 Forging
24:17 Heavy Plow
27:22 Fishing Lines
30:31 Imperial Age
28:15 Careening
27:54 Long Swordsman
28:19 Arson
29:01 Bow Saw
29:40 Stone Mining
29:43 Gold Mining
31:09 Stone Shaft Mining
31:23 Clinker Construction
31:35 Dry Dock
31:34 Onager
33:06 Heavy Warships
33:58 Siege Engineers
34:23 Conscription
36:02 Carvel Hull
36:49 Chemistry
38:58 Two-Handed Swordsman
39:34 Champion
woif00
11:40 Loom
13:44 Feudal Age
12:03 Loom
14:37 Fishing Lines
14:46 Double-Bit Axe
14:58 Gold Mining
17:14 Castle Age
16:02 Wheelbarrow
17:09 Fletching
17:30 Forging
20:45 Bodkin Arrow
20:42 Heated Shot
20:43 Guard Tower
22:48 Ballistics
28:55 Murder Holes
29:11 Masonry
35:13 Imperial Age
33:35 Bow Saw
33:17 Gillnets
33:28 Stone Mining
34:41 Gold Shaft Mining
33:54 Treadmill Crane
35:05 Medium Warships
37:54 Scale Mail Armor
37:55 Bracer
38:38 Horse Collar
Connection lost

Rejoining the realm…

Still unreachable

The connection could not be restored.

Session expired

The server has moved on; the page needs a fresh start.